 Dungeon Crawl Stone Soup version 0.01-2115-ge649c80b0b (webtiles) character file.

Game seed: 3389092806625172380, levelgen mode: deterministic

53 funkygono the Magician (level 4, 0/30 HPs) Human Wizard. Began on June 6, 2020. Slain by a sewer rat (5 damage) ... on level 1 of the Dungeon. The game lasted 00:04:59 (868 turns).

funkygono the Magician (Human Wizard)                Turns: 868, Time: 00:05:00

Health: 0/30       AC:  2    Str:  7    XL:     4 ^: 62
Magic:  3/9        EV: 12    Int: 19    God:
Gold:   38         SH:  0    Dex: 12    Spells: 2/10 levels left

rFire    . . .     Vision   .   e - +0 club
rCold    . . .     Gourm    .   (no weapon)
rNeg     . . .     Faith    .   a - +0 robe
rPois    .         Spirit   .   b - +0 hat
rElec    .         Reflect  .   (no cloak)
rCorr    .         Harm     .   (no gloves)
MR       .....                  (no boots)
Stlth    ++........             (no amulet)
HPRegen  0.20/turn              (no ring)
MPRegen  0.19/turn              (no ring)

@: no status effects
A: no striking features
a: no special abilities


You were on level 1 of the Dungeon.
You were hungry.

You visited 1 branch of the dungeon, and saw 2 of its levels.

You collected 38 gold pieces.

Inventory:

Weapons
 e - a +0 club (weapon)
Armour
 a - a +0 robe (worn)
 b - a +0 hat (worn)
 i - a +3 scale mail
Scrolls
 f - 2 scrolls of fog
 h - a scroll of magic mapping
Potions
 g - a potion of haste
Comestibles
 c - 6 chunks of flesh
 d - 3 rations


   Skills:
 + Level 0.2 Maces & Staves
 * Level 0.1 Armour
 + Level 2.2 Dodging
 + Level 2.3 Stealth
 + Level 3.6 Spellcasting
 + Level 2.1 Summonings
 + Level 1.0 Translocations
 + Level 1.5 Fire Magic
 + Level 0.1 Poison Magic


You had 2 spell levels left.
You knew the following spells:

 Your Spells              Type           Power        Failure   Level  Hunger
a - Flame Tongue          Fire           9 (40)       8%          1    None
b - Call Imp              Summ           11 (100)     9%          2    ##.....
c - Blink                 Tloc           N/A          14%         2    ##.....
d - Mephitic Cloud        Pois/Air       3 (100)      38%         3    ###....

Your spell library contained the following spells:

 Spells                   Type           Power        Failure   Level  Hunger
 Slow                     Hex            3 (100)      22%         2    ##.....
 Conjure Flame            Fire           9 (100)      22%         3    ###....


Dungeon Overview and Level Annotations

Branches:
Dungeon (2/8)

Altars:


Message History

The sewer rat bites you (6).
* * * LOW HITPOINT WARNING * * *
Casting: Flame Tongue (safe; 8% risk of failure)
Confirm with . or Enter, or press ? or * to list all spells.
Aiming: Flame Tongue (safe; 8% risk of failure)
Press: ? - help, Shift-Dir - straight line, f/p - sewer rat
Aim: a sewer rat (heavily wounded (5/10))
The flame tongue hits the sewer rat (2).
The sewer rat is severely wounded. (3/10) HP The sewer rat barely misses you (0).
The sewer rat bites you (1).
* * * LOW HITPOINT WARNING * * *
Casting: Flame Tongue (safe; 8% risk of failure)
Confirm with . or Enter, or press ? or * to list all spells.
Aiming: Flame Tongue (safe; 8% risk of failure)
Press: ? - help, Shift-Dir - straight line, f/p - sewer rat
Aim: a sewer rat (severely wounded (3/10))
The flame tongue hits the sewer rat but does no damage (0).
The sewer rat is severely wounded. (3/10) HP The sewer rat bites you (5).
You die...

#.#...## #...##...........#
##)....##
#.###.............
###....###.................
#....##.............#####
##?#..........†...#.##.#.
###..#..##.......#......
#####...............##
#........#...####.
##@##.##..##..##...
##rr######.##.......
##...##..##..#..#.##.
#.........#.#...#.#..
#.......>...#.....#..
##.....#..........#..
##..###...#..#...... ##.#
#...#..#...).# ###
##.###..##.#..


You could see 2 sewer rats.

Vanquished Creatures
  A cinder newt (D:1)
  An ooze (D:1)
  2 dart slugs (D:1)
  An adder skeleton (D:2)
  2 giant cockroaches (D:1)
  8 goblins (D:1)
  2 hobgoblins (D:1)
  6 bats (D:1)
  3 kobolds (D:1)
  3 rats (D:1)
29 creatures vanquished.

Vanquished Creatures (collateral kills)
  A sewer rat (D:2)
  A leopard gecko (D:1)
  A hobgoblin (D:1)
  A kobold (D:1)
  A goblin (D:1)
  A rat (D:1)
6 creatures vanquished.

Grand Total: 35 creatures vanquished

Notes
Turn   | Place    | Note
-------+----------+-------------------------------------------
     0 | D:1      | funkygono the Human Wizard began the quest for the Orb.
     0 | D:1      | Reached XP level 1. HP: 13/13 MP: 4/4
    48 | D:1      | Reached XP level 2. HP: 12/19 MP: 1/6
   177 | D:1      | Learned a level 2 spell: Call Imp
   196 | D:1      | Learned a level 2 spell: Blink
   348 | D:1      | Reached XP level 3. HP: 24/24 MP: 4/7
   394 | D:1      | Reached skill level 1 in Fire Magic
   405 | D:1      | Learned a level 3 spell: Mephitic Cloud
   837 | D:2      | Reached XP level 4. HP: 30/30 MP: 7/9
   868 | D:1      | Slain by a sewer rat

Levels and vault maps discovered:
D:1:      tarquinn_simple_flora_water_e, layout_cave_pools, first_ration
D:2:      layout_sewer, serial_shops, shop, kennysheep_mini, basic_altar,
          minmay_domino_2, uniq_eustachio

Skill      XL: |  1  2  3 |
---------------+----------+-----
Fire Magic     | 1 |  1.5
Maces & Staves | |  0.2
Armour         | |  0.1
Dodging        | |  2.2
Stealth        | |  2.3
Spellcasting   | |  3.6
Summonings     | |  2.1
Translocations | |  1.0
Poison Magic   | |  0.1

Action                   |  1- 3 |  4- 6 || total
-------------------------+-------+-------++-------
Melee: Unarmed           |    79 |       ||    79
       Club              |    43 |       ||    43
 Cast: Flame Tongue      |    47 |     5 ||    52
       Call Imp          |     5 |     3 ||     8
       Mephitic Cloud    |     2 |       ||     2
       Blink             |     1 |       ||     1
Armor: Robe              |    26 |       ||    26
       Scale mail        |    23 |       ||    23
Dodge: Dodged            |    74 |     6 ||    80
